 Dungeon Crawl Stone Soup version 0.32-a0-841-g4648e6c457 (webtiles) character file.

Game seed: 430044702192860591

1099 pokeman the Thaumaturge (level 8, -6/44 HPs)
             Began as a Deep Elf Hedge Wizard on Mar 26, 2024.
             Was an Initiate of Vehumet.
             Mangled by a gnoll sergeant
             ... wielding a +4 spear of venom
              (15 damage)
             ... on level 5 of the Dungeon.
             The game lasted 00:09:28 (4673 turns).

pokeman the Thaumaturge (Deep Elf Hedge Wizard)     Turns: 4673, Time: 00:09:29

Health: -6/44      AC:  3    Str: 13    XL:     8   Next: 10%
Magic:  28/31      EV: 12    Int: 22    God:    Vehumet [......]
Gold:   203        SH:  0    Dex: 14    Spells: 13/24 levels left

rFire   . . .        h - +2 short sword (venom)
rCold   . . .        (no shield)
rNeg    . . .        b - +0 robe
rPois   .            g - +0 helmet
rElec   .            (no cloak)
rCorr   .            (no gloves)
SInv    .            (no boots)
Will    .....        (no amulet)
Stlth   ++           w - ring of magical power
HPRegen 0.27/turn    x - +6 ring of strength
MPRegen 0.22/turn

%: no passive effects
@: no status effects
A: no striking features
a: Renounce Religion


You were on level 5 of the Dungeon.
You worshipped Vehumet.
Vehumet was noncommittal.
You visited 1 branch of the dungeon, and saw 5 of its levels.

You collected 203 gold pieces.

Inventory:

Hand Weapons
 h - a +2 short sword of venom (weapon)
 t - a +3 rapier of electrocution
Armour
 b - a +0 robe (worn)
 g - a +0 helmet (worn)
Jewellery
 p - an amulet of faith
 w - a ring of magical power (left hand)
 x - a +6 ring of strength (right hand)
Wands
 m - a wand of polymorph (7)
Scrolls
 c - 8 scrolls of identify {unknown}
 i - 4 scrolls of teleportation {unknown}
 j - a scroll of noise {unknown}
 k - a scroll of blinking {unknown}
 n - a scroll of vulnerability {unknown}
 r - a scroll of enchant weapon {unknown}
 s - a scroll of revelation {unknown}
 u - a scroll of enchant armour {unknown}
Potions
 a - 4 potions of curing
 d - a potion of magic
 e - 2 potions of enlightenment {unknown}
 f - 3 potions of cancellation {unknown}
 l - a potion of berserk rage {unknown}
 o - 2 potions of haste {unknown}
 q - a potion of heal wounds {unknown}
 v - a potion of invisibility {unknown}


   Skills:
 + Level 1.8 Fighting
 - Level 1.1 Armour
 - Level 4.3 Dodging
 - Level 3.0 Stealth
 * Level 8.9 Spellcasting
 + Level 4.5 Conjurations
 - Level 1.1 Summonings
 - Level 1.1 Translocations
 - Level 2.1 Air Magic
 + Level 1.9 Earth Magic
 - Level 2.1 Alchemy
 - Level 1.3 Evocations


You had 13 spell levels left.
You knew the following spells:

 Your Spells              Type           Power      Damage    Failure   Level
a - Magic Dart            Conj           100%       1d8       1%          1
b - Mephitic Cloud        Conj/Alch/Air  22%        N/A       6%          3
c - Call Imp              Summ           28%        N/A       7%          2
d - Blink                 Tloc           28%        N/A       7%          2
e - Stone Arrow           Conj/Erth      48%        3d10      5%          3

Your spell library contained the following spells:

 Spells                   Type           Power      Damage    Failure   Level
 Sandblast                Erth           36%        2d10      3%          1
 Cigotuvi's Dreadful Rot  Necr/Alch/Air  32%        N/A       6%          2
 Slow                     Hex            36%        N/A       7%          1
 Brom's Barrelling Bould  Conj/Erth      24%        2d5       19%         4


Dungeon Overview and Level Annotations

Branches:
Dungeon (5/15)
 Temple: D:4-7

Altars:
Ashenzari
Dithmenos
Gozag
Ru
Uskayaw
Vehumet

Annotations:
D:5 Ijyb


Message History

Vehumet accepts your kill.
Casting: Mephitic Cloud (dangerous; 6% risk of failure)
Confirm with . or Enter, or press ? or * to list all spells.
Aiming: Mephitic Cloud (dangerous; 6% risk of failure)
Press: ? - help, Shift-Dir - straight line, f - gnoll, p - Ijyb
Aim: a gnoll, wielding a +0 halberd (chance to affect: 91%)
The ball explodes into a vile cloud!
The stinking cloud engulfs the gnoll. x2
The stinking cloud engulfs the gnoll sergeant.
The stinking cloud engulfs Ijyb.
Ijyb is moderately wounded.
A scorpion comes into view.
Ijyb is engulfed in noxious fumes.
The gnoll is engulfed in noxious fumes.
The gnoll appears confused.
The gnoll hits the gnoll with a +0 whip!
The gnoll is engulfed in noxious fumes.
The gnoll appears confused.
Unknown command.
Unknown command.
You hit the gnoll.
The gnoll is almost dead.
Something barely misses the gnoll sergeant.
The gnoll is engulfed in noxious fumes.
The gnoll appears confused.
The gnoll sergeant hits you from afar with a +4 spear of venom!
You are lethally poisoned!
The gnoll hits the gnoll sergeant with a +0 halberd!
The gnoll sergeant blocks something's attack.
Unknown command.
You hit the gnoll but do no damage.
The gnoll is poisoned.
The gnoll is almost dead.
* * * LOW HITPOINT WARNING * * *
You feel very sick.
You kill the gnoll!
Vehumet accepts your kill.
The gnoll sergeant hits you from afar with a +4 spear of venom!
* * * LOW HITPOINT WARNING * * *
You are more poisoned.
Something barely misses the gnoll sergeant.
It was a potion of curing.
You feel better.
The gnoll hits the scorpion with a +0 whip.
The gnoll sergeant hits you from afar with a +4 spear of venom!
You die...

######### ........#
.....g.○##################
......s§○)@.......##.....#
.#.....gg########>##.....#
.........#......#.##.....#
...................'.<...+
.........#.#..#.#..#.....#
.........#<#..#.#..#.....#
...#####.######.#..#.....#
.#. #.#......#..#.....# .
#.#.######..#.......


You could see a gnoll sergeant, a scorpion and 2 gnolls.

Vanquished Creatures
  Pikel (D:4)
  Eustachio (D:4)
  A steam dragon (D:3)
  An ogre (D:4)
  3 lemures (D:4)
  A bombardier beetle (D:3)
  A jelly (D:5)
  An orc priest (D:4)
  Jessica (D:2)
  An orc wizard (D:4)
  3 adders
  2 gnolls (D:5)
  3 dart slugs
  A ribbon worm (D:3)
  12 orcs
  10 ball pythons
  7 endoplasms
  6 giant cockroaches
  9 goblins
  10 hobgoblins
  A quokka (D:4)
  7 bats
  5 frilled lizards
  6 kobolds
  4 rats
98 creatures vanquished.

Notes
Turn   | Place    | Note
-------+----------+-------------------------------------------
     0 | D:1      | pokeman the Deep Elf Hedge Wizard began the quest for the
                  | Orb.
     0 | D:1      | Reached XP level 1. HP: 10/10 MP: 7/7
   331 | D:1      | Reached XP level 2. HP: 15/15 MP: 3/9
   627 | D:1      | Reached skill level 5 in Spellcasting
  1041 | D:1      | Reached XP level 3. HP: 20/20 MP: 8/11
  1045 | D:1      | Learned a level 3 spell: Mephitic Cloud
  1048 | D:1      | Learned a level 2 spell: Call Imp
  1051 | D:1      | Learned a level 2 spell: Blink
  1280 | D:2      | Found a shadowy altar of Dithmenos.
  1787 | D:2      | Noticed Jessica
  1789 | D:2      | Killed Jessica
  1790 | D:2      | Reached skill level 1 in Fighting
  1790 | D:2      | Reached skill level 1 in Armour
  1810 | D:2      | Reached XP level 4. HP: 24/25 MP: 0/13
  2366 | D:3      | Found an opulent altar of Gozag.
  2657 | D:3      | Reached XP level 5. HP: 29/29 MP: 11/15
  2668 | D:3      | Noticed a steam dragon
  2671 | D:3      | Reached skill level 6 in Spellcasting
  2688 | D:3      | Killed a steam dragon
  2689 | D:3      | Reached skill level 1 in Evocations
  2689 | D:3      | Reached XP level 6. HP: 34/34 MP: 3/17
  3426 | D:4      | Found a broken altar of Ashenzari.
  3458 | D:4      | Noticed Pikel
  3481 | D:4      | Killed Pikel
  3482 | D:4      | Reached skill level 7 in Spellcasting
  3482 | D:4      | Reached XP level 7. HP: 30/38 MP: 17/20
  3546 | D:4      | Found a sacrificial altar of Ru.
  3614 | D:4      | Found a hide-covered altar of Uskayaw.
  3630 | D:4      | Learned a level 3 spell: Stone Arrow
  3678 | D:4      | Reached skill level 8 in Spellcasting
  3688 | D:4      | Noticed Eustachio
  3703 | D:4      | Killed Eustachio
  3704 | D:4      | Reached skill level 1 in Earth Magic
  3932 | D:4      | Reached XP level 8. HP: 21/44 MP: 17/22
  4114 | D:4      | Found a radiant altar of Vehumet.
  4120 | D:4      | Became a worshipper of Vehumet
  4608 | D:5      | Entered Level 5 of the Dungeon
  4657 | D:5      | Noticed Ijyb
  4672 | D:5      | HP: 2/44 [gnoll sergeant/+4 spear of venom (10)]
  4673 | D:5      | Mangled by a gnoll sergeant

Illustrated notes

Levels and vault maps discovered:
D:1:      beargit_arrival_greenhouse, layout_basic
D:2:      layout_loops_ring, basic_altar, st_stairs_5, uniq_jessica
D:3:      kennysheep_six_static_rooms, layout_basic,
          nicolae_gozag_cash_rules_everything_around_me, hex_medium,
          kennysheep_nub
D:4:      layout_basic, mainiacjoe_overflow_boulevard,
          nicolae_ru_sacrificial_ziggurat, nicolae_vehumet_altar_sigil,
          mainiacjoe_overflow_concentric_impassable, uniq_eustachio, uniq_pikel
D:5:      layout_basic, pdpol_wu_jian_five_deadly_venoms, elyvilon_altar_5,
          minmay_pentangle, uniq_ijyb

Skill      XL: |  1  2  3  4  5  6  7 |
---------------+----------------------+-----
Spellcasting   | 5 6 7 8 |  8.9
Conjurations   | 2 3 4 |  4.5
Fighting       | 1 |  1.8
Armour         | 1 |  1.1
Stealth        | 3 |  3.0
Dodging        | 3 4 |  4.3
Evocations     | 1 |  1.3
Air Magic      | 2 |  2.1
Alchemy        | 2 |  2.1
Earth Magic    | 1 |  1.9
Summonings     | |  1.1
Translocations | |  1.1

Action                     |  1- 3 |  4- 6 |  7- 9 || total
---------------------------+-------+-------+-------++-------
  Melee: Dagger            |     7 |       |       ||     7
         Short sword       |     1 |    33 |    33 ||    67
   Cast: Magic Dart        |   103 |    72 |    26 ||   201
         Mephitic Cloud    |     1 |     3 |     5 ||     9
    Use: Potion            |       |       |     1 ||     1
   Stab: Confused          |       |     3 |     2 ||     5
 Armour: Robe              |    11 |     6 |    23 ||    40
  Dodge: Dodged            |    24 |    16 |    21 ||    61

Table legend: (Time is in decaauts)
 A = Elapsed time spent in this place.
 B = Non-inter-level travel time spent in this place.
 C = Inter-level travel time spent in this place.
 D = Time resting spent in this place.
 E = Time spent auto-exploring this place.
 F = Levels seen in this place.
 G = Mean time per level.
                   A        B        C        D        E       F      G
               +--------+--------+--------+--------+--------+-----+--------+
         Total |   4670 |   4573 |     97 |      3 |   4048 |   5 |  934.0 |
       Dungeon |   4670 |   4573 |     97 |      3 |   4048 |   5 |  934.0 |
               +--------+--------+--------+--------+--------+-----+--------+

Top non-repeatable levels by time:
     D:1: 1244 daAuts
     D:3: 1218 daAuts
     D:4: 1181 daAuts
     D:2: 961 daAuts
     D:5: 64 daAuts
